 Dungeon Crawl Stone Soup version 0.29.0-13-gc9e81de378 (webtiles) character file.

Game seed: 4156033409960063157

953 bande the Chopper (level 8, -1/63 (68) HPs)
             Began as a Hill Orc Fighter on Sept 11, 2022.
             Was an Initiate of Beogh.
             Slain by a wight
             ... wielding a +4 dire flail
              (6 damage)
             ... on level 6 of the Dungeon.
             The game lasted 00:09:11 (6418 turns).

bande the Chopper (Hill Orc Fighter)                Turns: 6418, Time: 00:09:12

HP:   -1/63 (68)    AC: 10    Str: 28    XL:     8   Next: 14%
MP:   9/10          EV:  7    Int:  4    God:    Beogh [......]
Gold: 331           SH: 15    Dex: 16    Spells: 7/7 levels left

rFire   . . .      SeeInvis +   a - +0 war axe
rCold   . . .      Faith    .   i - +1 tower shield
rNeg    . . .      Spirit   .   b - +0 scale mail
rPois   .          Reflect  .   (no helmet)
rElec   .          Harm     .   (no cloak)
rCorr   .          Rampage  .   (no gloves)
Will    .....                   e - +0 pair of boots
Stlth   +.........              (no amulet)
HPRegen 0.20/turn               c - +6 ring of strength
MPRegen 0.12/turn               j - ring of Yguk {*Corrode Fly Str+3 Dex+4 SInv}

@: flying, drained
A: iridescent scales 1, dopey 2, sturdy frame 1
a: Renounce Religion


You were on level 6 of the Dungeon.
You worshipped Beogh.
Beogh was noncommittal.
You visited 1 branch of the dungeon, and saw 6 of its levels.

You collected 331 gold pieces.

Inventory:

Hand Weapons
 a - a +0 war axe (weapon)
 m - a +0 flail
 r - a +0 war axe
Missiles
 g - a throwing net (quivered)
Armour
 b - a +0 scale mail (worn)
 e - a +0 pair of boots (worn)
 i - a +1 tower shield (worn)
Jewellery
 c - a +6 ring of strength (left hand)
 j - the ring of Yguk (right hand) {*Corrode Fly Str+3 Dex+4 SInv}
   (You found it on level 2 of the Dungeon)

   [ring of see invisible]

   Str:       It affects your strength (+3).
   Dex:       It affects your dexterity (+4).
   SInv:      It lets you see invisible.
   Fly:       It grants you flight.
   *Corrode:  It may corrode you when you take damage.
 t - a +6 ring of intelligence
Scrolls
 l - 2 scrolls of teleportation
 q - a scroll of blinking
 s - 2 scrolls of summoning
 u - a scroll of fear
 v - a scroll of amnesia
Potions
 d - 3 potions of might
 f - a potion of heal wounds
 k - a potion of brilliance
 n - 2 potions of mutation
 o - 5 potions of curing
 p - a potion of invisibility


   Skills:
 + Level 5.3 Fighting
 + Level 7.4 Axes
 + Level 5.6 Armour
 + Level 5.8 Shields
 * Level 2.8 Invocations


You had 7 spell levels left.
You didn't know any spells.
Your spell library contained the following spells:

 Spells                   Type           Power      Damage    Failure   Level
 Frozen Ramparts          Ice            0%         1d1       100%        3
 Ozocubu's Armour         Ice            0%         N/A       100%        3
 Ice Form                 Ice/Tmut       0%         N/A       100%        4
 Summon Ice Beast         Ice/Summ       0%         N/A       100%        4
 Freezing Cloud           Conj/Ice/Air   0%         6-21      100%        5
 Simulacrum               Ice/Necr       0%         N/A       100%        6
 Ozocubu's Refrigeration  Ice            0%         4d7       100%        7
 Polar Vortex             Ice            0%         N/A       100%        9


Dungeon Overview and Level Annotations

Branches:
Dungeon (6/15)             Temple (0/1) D:4

Altars:

Shops:
D:5 [   D:6 :


Innate Abilities, Weirdness & Mutations

You are partially covered in iridescent scales. (AC +2)
You are very dopey. (Int -4)
Your movements are slightly less encumbered by armour. (ER -2)


Message History

You hit the wight.
You destroy the wight!
Beogh accepts your kill.
You slash the wight! You block the wight's attack. x2
Your life force feels restored.
Unknown command.
A wight comes into view. It is wielding a +4 dire flail.
You block the wight's attack.
Things that are here:
a +3 great sword; a +0 robe The wight hits you with a +3 scimitar!
You feel drained. You block the wight's attack.
Things that are here:
a +3 great sword; a +0 robe You hit the wight.
The wight is almost destroyed.
The wight hits you with a +3 scimitar.
You feel drained.
You hit the wight.
The wight is almost destroyed.
You block the wight's attack. The wight hits you with a +3 scimitar!
You feel drained.
You hit the wight but do no damage.
The wight is almost destroyed.
You hit the wight but do no damage. You block the wight's attack. x2
You barely miss the wight.
The wight is almost destroyed.
You hit the wight but do no damage. The wight barely misses you.
You block the wight's attack. x2; The wight hits you with a +3 scimitar!
* * * LOW HITPOINT WARNING * * *
You slash the wight!
You destroy the wight!
Beogh accepts your kill.
You barely miss the wight.
The wight hits you with a +4 dire flail.
* * * LOW HITPOINT WARNING * * *
You feel drained.
* * * LOW HITPOINT WARNING * * *
You hit the wight but do no damage. You block the wight's attack.
The wight hits you with a +4 dire flail.
You die...

..........#.........<....
##.............
#..............
................
###.............
##..##....<... .
#.###..###..#
...#..#....#....
......)@.#......
#......z..#...#
#[...........>#
......⌠...⌠.....
........∩.......
......⌠...⌠...##
...............
...............
...............


You could see a wight.

Vanquished Creatures
  An ice beast (D:5)
  A black bear (D:4)
  An ogre (D:5)
  3 scorpions
  3 wights (D:6)
  A jelly (D:5)
  An orc priest (D:5)
  2 hounds
  An orc wizard (D:3)
  4 gnolls
  6 adders
  An ufetubus (D:4)
  A worm (D:3)
  4 dart slugs
  11 orcs
  8 ball pythons
  6 endoplasms
  4 giant cockroaches
  6 hobgoblins
  A jackal (D:3)
  7 quokkas
  8 bats
  3 frilled lizards
  7 goblins
  7 kobolds
  7 rats
105 creatures vanquished.

Vanquished Creatures (others)
  A hound (D:5)
  2 orc priests (D:5)
  3 orc wizards (D:5)
  5 dart slugs (D:5)
  2 orcs (D:5)
13 creatures vanquished.

Grand Total: 118 creatures vanquished

Notes
Turn   | Place    | Note
-------+----------+-------------------------------------------
     0 | D:1      | bande the Hill Orc Fighter began the quest for the Orb.
     0 | D:1      | Reached XP level 1. HP: 19/19 MP: 1/1
   224 | D:1      | Reached XP level 2. HP: 26/27 MP: 2/2
   369 | D:1      | Reached skill level 3 in Axes
  1584 | D:2      | Reached XP level 3. HP: 33/33 MP: 3/3
  1598 | D:2      | Identified the ring of Yguk {*Corrode Fly Str+3 Dex+4 SInv}
  1725 | D:2      | Found a faded altar of an unknown god.
  1822 | D:2      | Reached skill level 4 in Axes
  1822 | D:2      | Reached XP level 4. HP: 40/40 MP: 4/4
  2487 | D:3      | Reached XP level 5. HP: 35/47 MP: 5/5
  2789 | D:3      | Reached skill level 5 in Axes
  3209 | D:4      | Noticed a black bear
  3218 | D:4      | Killed a black bear
  3219 | D:4      | Reached XP level 6. HP: 38/53 MP: 6/6
  3351 | D:4      | Gained mutation: You are dopey. (Int -2) [potion of
                  | mutation]
  3351 | D:4      | Gained mutation: You are very dopey. (Int -4) [potion of
                  | mutation]
  3351 | D:4      | Gained mutation: Your movements are slightly less
                  | encumbered by armour. (ER -2) [potion of mutation]
  3351 | D:4      | Gained mutation: You are partially covered in iridescent
                  | scales. (AC +2) [potion of mutation]
  3413 | D:4      | Found a staircase to the Ecumenical Temple.
  3771 | D:5      | Entered Level 5 of the Dungeon
  3772 | D:5      | Became a worshipper of Beogh the Brigand
  3943 | D:4      | Reached skill level 6 in Axes
  4340 | D:5      | Noticed an ice beast
  4353 | D:5      | Killed an ice beast
  4354 | D:5      | Reached skill level 5 in Shields
  4354 | D:5      | Reached XP level 7. HP: 31/60 MP: 7/7
  4738 | D:5      | Reached skill level 5 in Fighting
  4738 | D:5      | Reached skill level 5 in Armour
  5014 | D:5      | Reached skill level 1 in Invocations
  5844 | D:5      | Reached skill level 7 in Axes
  6224 | D:5      | Found Meluur's Armour Emporium.
  6395 | D:6      | Found Hoema's Vocational Training.
  6401 | D:6      | Reached XP level 8. HP: 62/68 MP: 9/9
  6418 | D:6      | Slain by a wight

Illustrated notes

Levels and vault maps discovered:
D:1:      dpeg_arrival_shelter, layout_basic
D:2:      minmay_diamond_boxcup, layout_basic,
          chequers_ecumenical_altar_simple_redux
D:3:      minmay_chambers_of_threes, layout_basic
D:4:      layout_cave_pools, minmay_temple_entry_mini_moons
D:5:      kennysheep_slugbush, layout_loops_corners, serial_shops, shop
D:6:      layout_cave_pools, mainiacjoe_overflow_divided_tiny,
          nicolae_shop_vocational

Skill      XL: |  1  2  3  4  5  6  7 |
---------------+----------------------+-----
Fighting       | 4 5 |  5.3
Axes           | 3 4 5 6 7 |  7.4
Armour         | 4 5 |  5.6
Shields        | 4 5 |  5.8
Invocations    | 2 |  2.8

Action                   |  1- 3 |  4- 6 |  7- 9 || total
-------------------------+-------+-------+-------++-------
Melee: War axe           |    91 |   135 |    79 ||   305
Invok: Convert to Beogh  |       |     1 |       ||     1
  Use: Scroll            |     5 |     9 |     3 ||    17
       Potion            |       |     1 |       ||     1
Armor: Scale mail        |    41 |    53 |    11 ||   105
Dodge: Dodged            |    22 |    25 |    15 ||    62
Block: Buckler           |     6 |       |       ||     6
       Tower shield      |    43 |   137 |    74 ||   254
